Cogmind - Beta 12 X1 @@@ ROGUE MODE // 2022.08.29 @ 13:47:39 Player: btmk16 Result: Self-destructed Performance ------------- Evolutions (1) 500 Regions Visited (2) 400 Robots Destroyed (6) 30 Value Destroyed (108) 108 Prototype IDs (0) 0 Alien Tech Used (0) 0 Bonus (0) 0 TOTAL SCORE: 1038 Bonus ------- None Cogmind --------- Core Integrity 306/400 Matter 65/300 Energy 250/250 System Corruption 0% Temperature Cool (0) Movement Flying (34) Location -9/Materials Parts ------- > --- POWER (1) -------- Ion Engine > --- PROPULSION (4) --- Flight Unit Flight Unit Flight Unit > --- UTILITY (2) ------ (None) > --- WEAPON (2) ------- Small Laser Heavy Hammer > --- INVENTORY (5) ---- Light Deuterium Engine Light Treads Light Treads Small Storage Unit Heavy Hammer Peak State ------------ > --- POWER ------------ Ion Engine > --- PROPULSION ------- Flight Unit Flight Unit Flight Unit > --- UTILITY ---------- (None) > --- WEAPON ----------- Small Laser Heavy Hammer > --- INVENTORY -------- Light Deuterium Engine Light Treads Light Treads Small Storage Unit [Rating: 7] Favorites ----------- Power Ion Engine Engine Ion Engine Propulsion Flight Unit Treads Light Treads Flight Unit Flight Unit Utility None Weapon Small Laser Energy Gun Small Laser Impact Weapon Heavy Hammer Build | -11 -10 -9 ------- Run | Scr Mat Mat Slots Evolved 2 | . . 2 Power . | . . . Propulsion 2 | . . 2 Utility . | . . . Weapon . | . . . Parts Attached 9 | 4 3 2 Power 1 | . 1 . Engine 1 | . 1 . Core . | . . . Reactor . | . . . Propulsion 5 | 2 2 1 Treads 2 | 2 . . Leg . | . . . Wheel . | . . . Hover . | . . . Flight 3 | . 2 1 Utility . | . . . Device . | . . . Storage . | . . . Processor . | . . . Hackware . | . . . Protection . | . . . Artifact . | . . . Weapon 3 | 2 . 1 Energy Gun 2 | 2 . . Energy Cannon . | . . . Ballistic Gun . | . . . Ballistic Cannon . | . . . Launcher . | . . . Special Weapon . | . . . Impact Weapon 1 | . . 1 Slashing Weapon . | . . . Piercing Weapon . | . . . Special Melee Weapon . | . . . Unidentified Prototypes . | . . . Corrupted Parts 1 | . 1 . System Corruption 1 | . 1 . Parts Lost 1 | . . 1 Power . | . . . Propulsion . | . . . Utility . | . . . Weapon 1 | . . 1 Highest Loss Streak 1 | . . 1 To Critical Strikes . | . . . Average Slot Usage (%) 60 | . 57 64 Engine 5 | . . 11 Treads 14 | . 26 . Flight 16 | . 1 33 Energy Gun 21 | . 28 14 Impact Weapon 3 | . . 6 Naked Turns . | . . . Heaviest Build 9 | 3 8 9 Greatest Support 12 | 3 8 12 Greatest Overweight (x) . | . . . Average Overweight (x) . | . . . Largest Inventory Capacity 5 | 5 5 5 Average Capacity 5 | 5 5 5 Most Carried 5 | 1 5 5 Average Carried 2 | . 2 4 Final Capacity 5 | 5 5 5 Final Carried 5 | 1 4 5 Class Distribution -------------------- 100% | Mutant Dominant Class ---------------- Mutant | -10/Materials Mutant | -9/Materials Resources | -11 -10 -9 ----------- Run | Scr Mat Mat Matter Collected 50 | 50 . . Remotely . | . . . Salvage Created 147 | . 138 9 Parts 9 | . 9 . Haulers Intercepted . | . . . Recyclers Shooed . | . . . Parts Field Recycled . | . . . Retrieved Matter . | . . . Parts Self-Destructed . | . . . Prevented . | . . . Kills | -11 -10 -9 ------- Run | Scr Mat Mat Combat Hostiles Destroyed 6 | . 5 1 Guns 5 | . 5 . Classes Destroyed 2 | . 2 . Swarmer 4 | . 3 1 Grunt 2 | . 2 . Best Kill Streak 5 | . 5 1 Combat Bots Only 5 | . 5 1 Max Kills in Single Turn 1 | . 1 1 Gunslinging . | . . . Exploded . | . . . Melee . | . . . Uniques/NPCs Destroyed . | . . . Combat | -11 -10 -9 -------- Run | Scr Mat Mat Damage Taken 392 | . 152 240 Core 109 | . 15 94 Absorbed by Shields . | . . . Core Remaining (%) 97 | 100 94 . Volleys Fired 21 | . 18 3 Largest 2 | . 2 1 Hottest 80 | . 80 40 Shots Fired 29 | . 26 3 Gun 29 | . 26 3 Cannon . | . . . Launcher . | . . . Special . | . . . Kinetic . | . . . Thermal 21 | . 18 3 Explosive . | . . . Electromagnetic 8 | . 8 . Robot Hit Streak 8 | . 6 8 Robot Miss Streak 2 | . 2 1 Penetration Max . | . . . Secondary Targets . | . . . Shots Hit Robots 21 | . 17 4 Core Hits 7 | . 7 . Critical Kills . | . . . Critical Parts Destroyed 1 | . . 1 Critical Strikes 2 | . 1 1 Corrupt 1 | . 1 . Smash 1 | . . 1 Melee Attacks 3 | . . 3 Impact 3 | . . 3 Slashing . | . . . Piercing . | . . . Sneak Attacks . | . . . Combat Hostiles . | . . . Follow-up Attacks . | . . . Damage Inflicted 302 | . 194 108 Guns 217 | . 194 23 Cannons . | . . . Explosions . | . . . Melee 85 | . . 85 Ramming . | . . . Kinetic . | . . . Thermal 169 | . 146 23 Explosive . | . . . Electromagnetic 48 | . 48 . Impact 85 | . . 85 Slashing . | . . . Piercing . | . . . Highest Corruption 1 | . 1 . Average Corruption 1 | . 1 . Corruption Purged . | . . . Corruption Blocked . | . . . Overload Shots . | . . . Overflow Damage 25 | . . 25 Projectiles . | . . . Explosions . | . . . Melee 25 | . . 25 Knockbacks . | . . . Impact . | . . . Kinetic . | . . . Secondary . | . . . Self-Inflicted Damage . | . . . Shots . | . . . Rammed . | . . . Targets Rammed . | . . . Kicked . | . . . Crushed . | . . . Highest Temperature 49 | . 49 4 Average Temperature 26 | . 28 3 Received Heat Transfer 72 | . 36 36 Siege Activations . | . . . Robots Corrupted . | . . . Combat Hostiles . | . . . Parts Fried 3 | . 1 2 Impact Corruptions 2 | . . 2 Robots Melted . | . . . Combat Hostiles . | . . . Parts Melted 1 | . 1 . Heat Transferred 375 | . 325 50 Parts Sabotaged . | . . . Parts Stolen . | . . . Parts Stripped . | . . . Power Chain Reactions . | . . . Missiles Intercepted . | . . . Alert | -11 -10 -9 ------- Run | Scr Mat Mat Peak Influence 219 | . 140 219 Initial 59 | . . 59 Average 75 | . 50 117 Maximum Alert Level 1 | . . 1 Low Security (%) 98 | 100 100 96 Level 1 1 | . . 3 Level 2 . | . . . Level 3 . | . . . Level 4 . | . . . Level 5 . | . . . High Security . | . . . Max Security . | . . . Squads Dispatched 1 | . . 1 Investigation . | . . . Extermination . | . . . Reinforcement 1 | . . 1 Assault . | . . . Garrison . | . . . Intercept . | . . . Searches Triggered . | . . . Construction Impeded . | . . . Haulers Reinforced . | . . . Active Scanning Responses . | . . . Cargo Convoy Interrupts . | . . . Stealth | -11 -10 -9 --------- Run | Scr Mat Mat Distress Signals . | . . . Communications Jammed . | . . . Distress Signals . | . . . Times Spotted 23 | . 7 16 Peak Tracking Total 11 | . 5 11 Tactical Retreats 3 | . 1 2 Traps | -11 -10 -9 ------- Run | Scr Mat Mat Traps Triggered . | . . . Indirectly . | . . . Trap Hack Attempts . | . . . Triggered . | . . . Disarmed . | . . . Reprogrammed . | . . . Reused . | . . . Traps Extracted . | . . . Installed . | . . . Triggered . | . . . Machines | -11 -10 -9 ---------- Run | Scr Mat Mat Machines Disabled . | . . . Max in Single Turn . | . . . Machines Sabotaged . | . . . Garrisons Compromised . | . . . Overloaded Fab Kills . | . . . Hacking | -11 -10 -9 --------- Run | Scr Mat Mat Machines Accessed 3 | . 1 2 Terminals 3 | . 1 2 Fabricators . | . . . Repair Stations . | . . . Recycling Units . | . . . Scanalyzers . | . . . Garrison Access . | . . . Total Hacks 8 | . 2 6 Successful 2 | . 1 1 Failed 6 | . 1 5 Catastrophic 1 | . . 1 Database Lockouts . | . . . Manual 7 | . 1 6 Terminals 8 | . 2 6 Fabricators . | . . . Repair Stations . | . . . Recycling Units . | . . . Scanalyzers . | . . . Garrison Access . | . . . Terminal Hacks 1 | . 1 . Record 1 | . 1 . Fabricator Hacks . | . . . Repair Station Hacks . | . . . Recycling Unit Hacks . | . . . Scanalyzer . | . . . Garrison Access Hacks . | . . . Unauthorized Hacks 1 | . . 1 Terminals 1 | . . 1 Botnet 1 | . . 1 Fabricators . | . . . Repair Stations . | . . . Recycling Units . | . . . Scanalyzers . | . . . Garrison Access . | . . . Data Cores Recovered . | . . . Used . | . . . Hacking Detections 3 | . 1 2 Full Trace Events 1 | . . 1 Feedback Events . | . . . Feedback Blocked . | . . . Robot Schematics Acquired . | . . . Robots Built . | . . . Authchips . | . . . Time . | . . . Total Robot Build Rating . | . . . Part Schematics Acquired . | . . . Parts Built . | . . . Authchips . | . . . Time . | . . . Total Part Build Rating . | . . . Parts Repaired . | . . . Time . | . . . Parts Recycled . | . . . Recycled Matter . | . . . Retrieved Matter . | . . . Retrieved Components . | . . . Parts Scanalyzed . | . . . Part Schematics Acquired . | . . . Parts Damaged . | . . . Bothacking | -11 -10 -9 ------------ Run | Scr Mat Mat Used RIF Installer . | . . . Robots Hacked . | . . . Non-combat . | . . . Combat . | . . . Robot Hacks Applied . | . . . Relay Couplers Released . | . . . Fabnet Peak Effective % . | . . . Robots Rewired . | . . . Allies Hacked . | . . . Hacks Repelled . | . . . Allies | -11 -10 -9 -------- Run | Scr Mat Mat Total Allies . | . . . Largest Group . | . . . Highest-Rated Group . | . . . Highest-Rated Ally . | . . . Total Orders . | . . . Ally Attacks . | . . . Total Damage . | . . . Kills . | . . . Allies Corrupted . | . . . Allies Melted . | . . . Intel | -11 -10 -9 ------- Run | Scr Mat Mat Robot Analysis Total . | . . . Derelict Logs Recovered . | . . . Drone Launches . | . . . Drone Recoveries . | . . . Exploration | -11 -10 -9 ------------- Run | Scr Mat Mat Turns Passed 220 | 18 106 96 Spaces Moved 321 | 23 94 204 Core 116 | 23 93 . Treads . | . . . Legs . | . . . Wheels . | . . . Hover . | . . . Flight 205 | . 1 204 Fastest Speed 34 | 50 37 34 Average Speed 39 | 50 49 34 Slowest Speed 50 | 50 50 34 Overloaded Moves . | . . . Propulsion Burnouts . | . . . Robots Hopped 4 | . . 4 Cave-ins Triggered . | . . . Exploration Rate (%) 18 | 3 22 30 Regions Visited 2 Branch Regions . Pre-discovered Areas . | . . . Known Exits Taken . | . . . Unknown Exits Taken 2 | 1 1 . Scrap Searched . | . . . Spaces Dug . | . . . Terrain Destroyed . | . . . Melee . | . . . Projectile . | . . . AOE . | . . . Terrain Rammed . | . . . Walls Destroyed . | . . . Machines Disabled . | . . . Actions | -11 -10 -9 --------- Run | Scr Mat Mat Total 369 | 27 125 217 Wait 14 | . 7 7 Move 311 | 22 93 196 Hop 4 | . . 4 Pick Up 7 | 1 4 2 Fast Attach 5 | 4 . 1 Attach 2 | . 1 1 Detach . | . . . Swap 2 | . 2 . Drop . | . . . Fire 21 | . 18 3 Melee 3 | . . 3 Ram . | . . . Kick . | . . . Crush . | . . . Escape Stasis . | . . . Rewire . | . . . Trap . | . . . Miscellaneous . | . . . Route ------- -11/Scrapyard -10/Materials -9/Materials (discovered 1 exit: [*Min]) History --------- Turn | Location | Event 8 | -11/Scrapyard | Discovered new exit (range 16) 19 | -11/Scrapyard | Entered Materials 51 | -10/Materials | Discovered new exit (range 11) 125 | -10/Materials | Entered another Materials area 125 | -9/Materials | Evolved 2 slots: Propulsion x2 214 | -9/Materials | Discovered new exit (range 15) 221 | -9/Materials | Self-destructed Last Messages --------------- 00157_ T-07 Excavator is excavating. 00160_ Acquired Hvy. Hammer. 00184_ S-10 Pest suffers critical hit (Smash). 00184_ Destroyed Lgt. Ion Engine. 00184_ Destroyed Flight Unit. 00184_ S-10 Pest system corrupted by crushing effect. 00185_ S-10 Pest system terminally corrupted. 00185_ Lgt. Assault Rifle fried. 00185_ Flight Unit fried. 00201_ Connecting with Terminal... >>Trojan(Botnet) Trojan loaded successfully. Testing... Terminal linked with 0 systems. Awaiting botnet instructions. 00203_ K-01 Serf cleans the Hadron Collector. 00214_ EXIT=FOUND 00215_ K-01 Serf cleans the Machine. 00217_ K-01 Serf collects debris. 00218_ K-01 Serf cleans the Machine. Map ----- +----------------------------------------------------+ | ??????????# # % #???????????? ???# #????? | | ??????????+ + [ #???????????? ???# #????? | | ??????????# # #??????????? ??# #????? | | ########### # #??????????? ??# #????? | | #?######?????????? ?# #????? | | #????????????????? ?# #????? | | #????????????????############ #????? | | ######+####/###??????????????????????????##+###### | | ??# # ???????????????????????????# != ! | | ??# #""" ??????????????????????????# "" =! | | ??# #""" ?????????????????????????# "T | | ??# [[ #""" #????????????????????????# "" | | ??# [ # ! #????????????????????????# | | ??# [ # #????????????????????????# """ | | ??###########?###????????????????????????#] """ | | ?????????????????????????????????????????# """ | | ?????????????????????????????????????????#! | | ?????????????????????????????????????????######## | | ????????????????????????????????????????????????## | | ?????????????????????????????????????????????????? | | ?????????????????????????????????????????????????# | | ?????????????????????????????????????????????????# | | ????????????????????#########????????????????????# | | ??????????# ##### ##+#####+############# | | ??????????# s | | ??????????# <@ ss | | ??????????# k k s############ | | ??????????# #######" "## ###w##??????????? | | ????????????????????#" |"| "## #???????????????? | | ????????????????????#"""""""## + ??????????????? | | ????????????????????########## # ?????????????? | | ?????????????????????????????# # "???????????? | | ?????????????????????????????# #? ""??????????? | | ?????????????????????????????# #?? ??????????? | | ?????????????????????????????# #?? ?????????? | | ?????????????????????????????# #???####????????? | | ?????????????????????????????# #???????????????? | | ????????????????????????????? ???????????????? | | ????????????????????????????? ???????????????? | | ????????????????????????????? T ???????????????? | | ????????????????????????????? ? ???????????????? | | ?????????????????????????????????????????????????? | | ?????????????????????????????????????????????????? | | ?????????????????????????????????????????????????? | | ?????????????????????????????????????????????????? | | ?????????????????????????????????????????????????? | | ?????????????????????????????????????????????????? | | ?????????????????????????????????????????????????? | | ?????????????????????????????????????????????????? | | ?????????????????????????????????????????????????? | +----------------------------------------------------+ Best States ------------- Heat Dissipation 28 Energy Generation 10 Energy Capacity 250 Matter Stores 110 Matter Capacity 300 Sight Range 16 Terrain Scan Density 10 Evasion (%) 63 Recoil Reduction 2 Item Schematics ----------------- None Robot Schematics ------------------ None Fabricated ------------ Nothing Alien Tech Used ----------------- None Achievements -------------- None Challenges ------------ None Game ------ Seed NeutrinoSwordClaw Manual? 0 Play Time 00:05:36 Cumulative 469.2 hours Start 2022.08.29 @ 13:43:55 End 2022.08.29 @ 13:47:39 Sessions 1 Manual Loads 0 Difficulty Rogue Special Mode None Game No. 524 Rogue 523 Adventurer 0 Explorer 1 Win Type - Total 15 Types 10/0/2/3/0/0/0/0/0 Lore% 79 Gallery% 88 Achievement% 69 Wizard Run 0 Options --------- ASCII 0 Keyboard 1 Movement Vi Keybinds 0 Fullscreen 1 Font 18/SmallcapsGlow Map View 76x50 Tactical HUD 1 Map Filters NONE Filters NONE Steam 1 RUN: 5753662e-f688-4821-a279-2ab50edf9691